 Dungeon Crawl Stone Soup version 0.30-a0-457-g4b7bca3bfa (webtiles) character file.

Game seed: 15795331824371195978

6890 Cancer the Destroyer (level 10, -5/78 HPs)
             Began as a Red Draconian Conjurer on Dec 13, 2022.
             Was an Initiate of Vehumet.
             Slain by a wyvern (8 damage)
             ... on level 9 of the Dungeon on Dec 14, 2022.
             The game lasted 00:44:35 (10133 turns).

Cancer the Destroyer (Red Draconian Conjurer)      Turns: 10133, Time: 00:44:35

Health: -5/78      AC: 14    Str:  9    XL:     10   Next: 79%
Magic:  2/31       EV: 13    Int: 22    God:    Vehumet [......]
Gold:   426        SH:  0    Dex: 11    Spells: 17/25 levels left

rFire   + . .      SeeInvis .    L - +1 dagger (venom)
rCold   . . .      Faith    .    (no shield)
rNeg    . . .      Spirit   .    (body armour unavailable)
rPois   .          Reflect  .    (helmet restricted)
rElec   .          Harm     .    m - +1 cloak
rCorr   .          Rampage  .    B - +0 pair of gloves
Will    .....                    (no boots)
Stlth   ++........               (no amulet)
HPRegen 0.33/turn                o - ring of magical power
MPRegen 0.22/turn                x - +4 ring of protection

@: very slightly contaminated, studying Short Blades, invisible
A: breathe fire, AC +7, unfitting armour, fire resistance 1, cold-blooded
a: Breathe Fire, Renounce Religion


You were on level 9 of the Dungeon.
You worshipped Vehumet.
Vehumet was noncommittal.
You visited 2 branches of the dungeon, and saw 10 of its levels.

You collected 426 gold pieces.

Inventory:

Hand Weapons
 L - a +1 dagger of venom (weapon)
Missiles
 b - 2 throwing nets
Armour
 m - a +1 cloak (worn)
 p - a +0 tower shield
 B - a +0 pair of gloves (worn)
Jewellery
 o - a ring of magical power (left hand)
 x - a +4 ring of protection (right hand)
 C - a +6 ring of strength
 G - an amulet of faith
Wands
 r - a wand of polymorph (17)
 u - a wand of mindburst (5)
 v - a wand of charming (22)
 H - a wand of acid (7)
 K - a wand of iceblast (10)
Scrolls
 d - a scroll of poison {unknown}
 f - 2 scrolls of brand weapon {unknown}
 h - 3 scrolls of teleportation {unknown}
 i - 2 scrolls of immolation {unknown}
 j - 3 scrolls of amnesia {unknown}
 k - 7 scrolls of identify {unknown}
 n - 4 scrolls of fog {unknown}
 w - a scroll of acquirement {unknown}
 y - a scroll of noise {unknown}
 I - a scroll of magic mapping {unknown}
 J - a scroll of fear {unknown}
Potions
 a - 2 potions of magic
 c - a potion of attraction {unknown}
 e - a potion of invisibility
 g - 8 potions of curing
 l - a potion of cancellation {unknown}
 q - a potion of brilliance
 s - a potion of ambrosia {unknown}
 t - 2 potions of degeneration {unknown}
 z - a potion of lignification {unknown}
 A - a potion of mutation {unknown}
 D - 2 potions of might
 E - 2 potions of heal wounds {unknown}
 F - a potion of berserk rage {unknown}


   Skills:
 - Level 4.0 Fighting
 - Level 4.0 Dodging
 - Level 4.0 Stealth
 + Level 5.0 Unarmed Combat
 + Level 8.4 Spellcasting
 + Level 9.8 Conjurations
 + Level 5.0 Transmutations
 - Level 5.3 Fire Magic


You had 17 spell levels left.
You knew the following spells:

 Your Spells              Type           Power      Damage    Failure   Level
a - Magic Dart            Conj           100%       1d8       1%          1
b - Searing Ray           Conj           100%       2d8       1%          2
c - Stone Arrow           Conj/Erth      60%        3d10      2%          3
d - Passwall              Tmut/Erth      16%        N/A       3%          2

Your spell library contained the following spells:

 Spells                   Type           Power      Damage    Failure   Level
 Wereblood                Tmut           31%        N/A       1%          2
 Dazzling Flash           Conj/Hex       60%        N/A       2%          3
 Sandblast                Erth           18%        2d7       7%          1
 Fulminant Prism          Conj/Hex       15%        3d10      10%         4
 Iskenderun's Mystic Bla  Conj/Tloc      30%        2d8       10%         4
 Irradiate                Conj/Tmut      20%        3d18      10%         5
 Sublimation of Blood     Necr           9%         N/A       11%         2
 Blade Hands              Tmut           15%        N/A       26%         5
 Dragon Form              Tmut           15%        N/A       100%        7
 Summon Hydra             Summ           4%         N/A       100%        7


Dungeon Overview and Level Annotations

Branches:
Dungeon (9/15)             Temple (1/1) D:5            Lair (0/5) D:9
    Orc: D:9-12

Altars:
Ashenzari
Cheibriados
Dithmenos
Elyvilon
Fedhas
Gozag
Hepliaklqana
Kikubaaqudgha
Makhleb
Nemelex Xobeh
Okawaru
Qazlal
Ru
Sif Muna
Trog
Uskayaw
Vehumet
Wu Jian
Xom
Yredelemnul
Zin
The Shining One

Shops:
D:2 :   D:3 ?


Innate Abilities, Weirdness & Mutations

You can breathe blasts of fire.
Your fiery red scales are hard. (AC +7)
You cannot fit into any form of body armour.
Your flesh is heat resistant. (rF+)
You are cold-blooded and may be slowed by cold attacks.


Message History

The wyvern hisses menacingly.
The wyvern bites you but does no damage.
Unknown command.
Casting: Stone Arrow (mildly dangerous; 2% risk of failure)
Confirm with . or Enter, or press ? or * to list all spells.
Aiming: Stone Arrow (mildly dangerous; 2% risk of failure)
Press: ? - help, Shift-Dir - straight line, f/p - wyvern
Aim: a wyvern (74% to hit)
The stone arrow hits the wyvern!
The wyvern is severely wounded.
The wyvern barely misses you.
Unknown command.
You closely miss the wyvern.
The wyvern is severely wounded.
The wyvern bites you!
* * * LOW HITPOINT WARNING * * *
The wyvern bites you.
* * * LOW HITPOINT WARNING * * *
You hit the wyvern but do no damage.
The wyvern is severely wounded.
The wyvern bites you but does no damage.
The scorpion stings you but does no damage.
You hit the wyvern but do no damage.
The wyvern is poisoned.
The wyvern is heavily wounded.
The wyvern bites you but does no damage.
The scorpion barely misses you. The wyvern bites you!
* * * LOW HITPOINT WARNING * * *
You hit the wyvern but do no damage.
The wyvern looks as sick as possible!
Your punch misses the wyvern.
The wyvern is severely wounded.
The wyvern barely misses you. The scorpion closely misses you.
An orc warrior comes into view. It is wielding a +0 trident.
It was a potion of curing.
You feel better. The wyvern bites you!
* * * LOW HITPOINT WARNING * * *
The scorpion closely misses you.
The wyvern bites you but does no damage.
It was a potion of invisibility.
You fade into invisibility!
The scorpion misses you. The wyvern bites you!
You die...

l.h..###..##
....[.♣.....P...#...##
...oP♣...............##
.......>..♣...........##
..........P...♣........#
..........P.............
#♣...........P.....†....
#.P.♣..lsP..............
#.....@P....##...###...
##.P....P..###..#####..
##......####.....# ##.
#...#####..†..#.# #.
.......###.{......####.
.........#)####....##..
..........o...####......
.......o.###.h..####..##
#...... #.....#####


You could see an orc warrior (wandering, unable to see you), a wyvern (unable to
see you, extremely poisoned) and a scorpion (unable to see you).

Vanquished Creatures
  2 two-headed ogres (D:8)
  Maggie (D:7)
  Psyche (D:8)
  Sigmund (D:3)
  A shadow (D:8)
  4 wyverns
  A steam dragon (D:7)
  Edmund (D:6)
  A water moccasin (D:7)
  Duvessa (D:4)
  An ice beast (D:6)
  6 black bears
  3 orc warriors
  2 ogres
  A wolf (D:9)
  The ghost of kurumiz the Slasher, an amateur TeBe of Trog (D:6)
  A phantom (D:5)
  Blork the orc (D:4)
  2 bullfrogs
  2 necrophages (D:7)
  A scorpion (D:7)
  9 wights
  Dowan (D:4)
  13 killer bees (D:8)
  3 howler monkeys
  3 jellies
  7 orc priests
  Crazy Yiuf (D:2)
  Ijyb (D:5)
  A gnoll bouda (D:4)
  4 orc wizards
  Natasha (twice) (D:2)
  5 iguanas
  Terence (D:3)
  Robin (D:2)
  8 gnolls
  2 adders (D:5)
  2 shadow imps
  A white imp (D:6)
  An ufetubus (D:6)
  2 worms
  3 dart slugs
  35 orcs
  10 ball pythons
  6 endoplasms
  2 giant cockroaches (D:1)
  16 goblins
  13 hobgoblins
  4 jackals (D:4)
  8 kobolds
  A quokka (D:2)
  3 bats
  7 frilled lizards
  4 rats (D:1)
215 creatures vanquished.

Vanquished Creatures (others)
  5 fungi (D:9)
  40 plants
45 creatures vanquished.

Grand Total: 260 creatures vanquished

Notes
Turn   | Place    | Note
-------+----------+-------------------------------------------
     0 | D:1      | Cancer the Draconian Conjurer began the quest for the Orb.
     0 | D:1      | Reached XP level 1. HP: 14/14 MP: 3/3
   277 | D:1      | Reached XP level 2. HP: 20/20 MP: 1/5
   857 | D:1      | Reached XP level 3. HP: 26/26 MP: 5/7
  1021 | D:2      | Found Xocehirpheg's Book Shop.
  1129 | D:2      | Found a runed translucent door.
  1130 | D:2      | Noticed Crazy Yiuf
  1552 | D:2      | Noticed Natasha
  1570 | D:2      | Killed Natasha
  1571 | D:2      | Reached XP level 4. HP: 18/33 MP: 2/8
  2088 | D:2      | Noticed Natasha
  2093 | D:2      | Killed Natasha
  2094 | D:2      | Reached skill level 5 in Conjurations
  2303 | D:2      | Learned a level 2 spell: Searing Ray
  2306 | D:2      | Killed Crazy Yiuf
  2382 | D:3      | Noticed Robin
  2482 | D:2      | Killed Robin
  2483 | D:2      | Reached XP level 5. HP: 21/38 MP: 4/10
  2860 | D:3      | Noticed Terence
  2867 | D:3      | Killed Terence
  2990 | D:3      | Noticed Sigmund
  3013 | D:3      | Found Jaiwaar's Magic Scroll Shop.
  3074 | D:3      | Found a shimmering altar of Xom.
  3074 | D:3      | Found a shimmering altar of Xom.
  3075 | D:3      | Found a shimmering altar of Xom.
  3204 | D:3      | Found a faded altar of an unknown god.
  3396 | D:3      | Killed Sigmund
  3397 | D:3      | Reached skill level 6 in Conjurations
  3397 | D:3      | Reached XP level 6. HP: 30/45 MP: 2/13
  3516 | D:4      | Noticed Blork the orc
  3522 | D:4      | Killed Blork the orc
  3652 | D:4      | Reached skill level 5 in Spellcasting
  3793 | D:4      | Your scales start taking on a fiery red colour.
  3793 | D:4      | Reached XP level 7. HP: 50/50 MP: 14/14
  3793 | D:4      | Gained mutation: Your flesh is heat resistant. (rF+) [Red
                  | Draconian growth]
  4080 | D:4      | Noticed Duvessa
  4081 | D:4      | Noticed Dowan
  4088 | D:4      | Killed Duvessa
  4089 | D:4      | Reached skill level 7 in Conjurations
  4092 | D:4      | Killed Dowan
  4093 | D:4      | Reached skill level 1 in Fighting
  4093 | D:4      | Reached skill level 1 in Fire Magic
  4640 | D:5      | Entered Level 5 of the Dungeon
  4738 | D:5      | Found a staircase to the Ecumenical Temple.
  4747 | D:5      | Reached XP level 8. HP: 45/60 MP: 16/16
  4868 | Temple   | Entered the Ecumenical Temple
  4868 | Temple   | Found a transporter.
  4868 | Temple   | Found a transporter.
  4908 | Temple   | Found a transporter.
  4908 | Temple   | Found a transporter.
  5603 | D:5      | Noticed Ijyb
  5614 | D:5      | Killed Ijyb
  6591 | D:6      | Found a runed translucent gate.
  6592 | D:6      | Found a runed translucent gate.
  6593 | D:6      | Found a runed translucent gate.
  6605 | D:6      | Identified the +0 robe "Muevepp" {rElec rF- Int+4}
  6805 | D:6      | Reached XP level 9. HP: 69/70 MP: 18/18
  6819 | D:6      | Noticed Edmund
  7007 | D:6      | Noticed kurumiz's ghost (amateur TeBe)
  7386 | D:6      | Killed kurumiz's ghost
  7407 | D:6      | Learned a level 3 spell: Stone Arrow
  7441 | D:6      | Killed Edmund
  7601 | D:7      | Reached skill level 8 in Conjurations
  7818 | D:7      | Reached skill level 5 in Fire Magic
  8116 | D:7      | Noticed Maggie
  8131 | D:7      | Reached skill level 1 in Unarmed Combat
  8131 | D:7      | Reached skill level 1 in Transmutations
  8328 | D:7      | Killed Maggie
  8633 | D:8      | Noticed Psyche
  8687 | D:8      | Reached XP level 10. HP: 44/78 MP: 17/21
  8877 | D:8      | Reached skill level 9 in Conjurations
  8904 | D:8      | Noticed a two-headed ogre
  8911 | D:8      | Killed a two-headed ogre
  9095 | D:8      | Noticed a two-headed ogre
  9101 | D:8      | Killed a two-headed ogre
  9504 | D:8      | Found a burning altar of Makhleb.
  9570 | D:8      | Found a basalt altar of Yredelemnul.
  9574 | D:8      | Found an opulent altar of Gozag.
  9579 | D:8      | Found a blossoming altar of Fedhas.
  9582 | D:8      | Found a bloodstained altar of Trog.
  9584 | D:8      | Found a shimmering blue altar of Sif Muna.
  9588 | D:8      | Found a radiant altar of Vehumet.
  9589 | D:8      | Found an iron altar of Okawaru.
  9593 | D:8      | Became a worshipper of Vehumet
  9639 | D:8      | Identified the +0 chain mail of Owaigot {+Inv Str-2 Stlth+}
  9714 | D:8      | Killed Psyche
  9944 | D:9      | Noticed a purple ugly thing
 10013 | D:9      | Learned a level 2 spell: Passwall
 10095 | D:9      | Reached skill level 5 in Unarmed Combat
 10119 | D:9      | Reached skill level 5 in Transmutations
 10123 | D:9      | Found a staircase to the Lair.
 10132 | D:9      | HP: 3/78 [wyvern (14)]
 10133 | D:9      | Slain by a wyvern

Illustrated notes

Levels and vault maps discovered:
D:1:      enne_arrival_octagon_isle, layout_rooms
D:2:      layout_loops_ring, serial_shops, nicolae_shop_trees, st_stairs_13,
          uniq_crazy_yiuf_cottage, uniq_natasha
D:3:      layout_rooms, xom_redecorated, serial_shops, shop,
          chequers_ecumenical_altar_twisty, uniq_terence, uniq_robin,
          uniq_sigmund
D:4:      layout_rooms, serial_bayou, serial_bayou_pond_d,
          serial_bayou_crossing, serial_bayou_shore_b, serial_bayou_lagoon_a,
          uniq_duvessa, uniq_blork_the_orc
D:5:      layout_loops_corners, minmay_temple_entry_arrows, uniq_ijyb
D:6:      layout_layer_cave, ebering_ghost_rock_garden, uniq_edmund
D:7:      layout_basic, uniq_maggie
D:8:      layout_cave_pools, nicolae_overflow_hallway_of_the_gods,
          minmay_manual_mess, uniq_psyche
D:9:      layout_layer_cave, minmay_lair_entry_grove,
          kennysheep_orc_monster_closet_entryway, enter_bailey_5,
          minmay_misc_feat_x
Temple:   hellmonk_temple_divided_pantheon

Skill      XL: |  1  2  3  4  5  6  7  8  9 10 |
---------------+-------------------------------+-----
Spellcasting   | 3 4 5 6 7 8 |  8.4
Conjurations   | 5 6 7 8 9 |  9.8
Dodging        | 2 3 4 |  4.0
Stealth        | 2 3 4 |  4.0
Fighting       | 1 3 4 |  4.0
Fire Magic     | 1 3 5 |  5.3
Unarmed Combat | 2 5 |  5.0
Transmutations | 2 5 |  5.0

Action                   |  1- 3 |  4- 6 |  7- 9 | 10-12 || total
-------------------------+-------+-------+-------+-------++-------
Melee: Unarmed           |    10 |       |     4 |       ||    14
       Tailslap          |     5 |       |     1 |     2 ||     8
       Dagger            |       |       |       |    24 ||    24
 Cast: Magic Dart        |    76 |    75 |   168 |    12 ||   331
       Searing Ray       |       |    15 |    45 |    14 ||    74
       Stone Arrow       |       |       |    16 |    38 ||    54
       Passwall          |       |       |       |     1 ||     1
 Abil: Breathe Fire      |       |       |     2 |       ||     2
  Use: Potion            |       |       |       |     2 ||     2
Armor: Skin              |     6 |    16 |    46 |    57 ||   125
Dodge: Dodged            |     8 |    33 |    90 |    61 ||   192

Table legend: (Time is in decaauts)
 A = Elapsed time spent in this place.
 B = Non-inter-level travel time spent in this place.
 C = Inter-level travel time spent in this place.
 D = Time resting spent in this place.
 E = Time spent auto-exploring this place.
 F = Levels seen in this place.
 G = Mean time per level.
                   A        B        C        D        E       F      G
               +--------+--------+--------+--------+--------+-----+--------+
         Total |  10162 |   9807 |    355 |    472 |   7625 |  10 | 1016.2 |
       Dungeon |  10089 |   9743 |    346 |    472 |   7581 |   9 | 1121.0 |
        Temple |     72 |     63 |      9 |      0 |     44 |   1 |   72.0 |
               +--------+--------+--------+--------+--------+-----+--------+

Top non-repeatable levels by time:
     D:2: 1536 daAuts
     D:8: 1421 daAuts
     D:6: 1417 daAuts
     D:5: 1328 daAuts
     D:3: 1163 daAuts
     D:7: 1075 daAuts
     D:1: 1055 daAuts
     D:4: 911 daAuts
     D:9: 179 daAuts
  Temple: 72 daAuts
